 Dungeon Crawl Stone Soup version 0.16.1-16-gc44b35d (webtiles) character file.

118 wojtek the Cutter (level 5, -8/30 HPs)
             Began as a Kobold Assassin on Apr 19, 2015.
             Mangled by Grinder (11 damage)
             ... while paralysed by Grinder
             ... on level 3 of the Dungeon.
             The game lasted 00:03:37 (2404 turns).

wojtek the Cutter (Kobold Assassin)                 Turns: 2404, Time: 00:03:38

Health: -8/30      AC:  3    Str:  9    XL:     5   Next: 23%
Magic:  5/5        EV:  3    Int: 10    God:
Gold:   66         SH:  0    Dex: 18    Spells: 0 memorised, 4 levels left

rFire  . . .     SeeInvis .     a - +2 dagger
rCold  . . .     Clarity  .     c - +0 robe
rNeg   . . .     SustAb   .     (no shield)
rPois  .         Gourm    .     (no helmet)
rElec  .         Spirit   .     d - +0 cloak
rCorr  .         Warding  .     (no gloves)
rMut   .         Stasis   .     (no boots)
MR     .....                    (no amulet)
Stlth  +++.......               (no ring)
                                (no ring)

@: paralysed, not resistant to hostile enchantments, fairly stealthy
A: carnivore 3
a: no special abilities


You were on level 3 of the Dungeon.
You were completely stuffed.

You visited 1 branch of the dungeon, and saw 3 of its levels.

You collected 66 gold pieces.

Inventory:

Hand weapons
 a - a +2 dagger (weapon)
 b - a +0 blowgun
Missiles
 e - 7 poisoned needles
 f - 2 curare-tipped needles
Armour
 c - a +0 robe (worn)
 d - a +0 cloak (worn)
Scrolls
 i - a scroll of enchant weapon {unknown}
 n - a scroll of blinking {unknown}
 o - a scroll of identify {unknown}
 s - a scroll of amnesia {unknown}
 u - a scroll of teleportation {unknown}
 v - a scroll of remove curse {unknown}
Potions
 h - a potion of lignification {unknown}
 j - a potion of agility {unknown}
 k - a potion of curing {unknown}
 l - a potion of degeneration {unknown}
 r - a potion of haste {unknown}
 t - a potion of brilliance {unknown}
Comestibles
 g - a meat ration
 m - a slice of pizza
 p - a beef jerky
 q - a chunk of flesh


   Skills:
 - Level 2.1 Fighting
 + Level 6.6 Short Blades
 - Level 2.6 Throwing
 - Level 1.2 Dodging
 - Level 5.3 Stealth


You had 4 spell levels left.
You didn't know any spells.

Dungeon Overview and Level Annotations

Branches:
Dungeon (3/15)

Altars:
Trog
Xom

Annotations:
D:3 Grinder


Innate Abilities, Weirdness & Mutations

You are small and have problems with some larger weapons.
You are carnivorous and can eat meat at any time.


Message History

The orc throws a tomahawk.
The tomahawk misses you.
An orc priest comes into view. It is wielding a war axe.
You see here a stone.
Grinder shouts!
The orc throws a stone.
The stone closely misses you.
Grinder gestures.
Grinder blinks!
Found a flail.
You see here a tomahawk.
Grinder gestures at you.
You suddenly lose the ability to move!
The orc throws a stone.
The stone barely misses you.
The orc throws a stone.
The stone hits you.
* * * LOW HITPOINT WARNING * * *
The orc hits you with a short sword.
* * * LOW HITPOINT WARNING * * *
The orc throws a stone.
The stone hits you but does no damage.
Grinder says, "There's only one good use for a tongue: cutting it out."
Grinder hits you!
You die...

...######.######....
...............>.....
....######(.....##...
......................#
.....#####(.o...##....#
.... #....((# ..#
....#####....(.# ...#
.....o........(##...##..
.........o....o@5..)....
..#................##.#
####.####.........# #.#
#.###.#.#.# #.# #.. .#.#
# #.# #### ## #
#.######## #........##
....#####........# #.#


You could see Grinder, an orc priest (wandering) and 2 orcs.

Vanquished Creatures
  An orc priest (D:3)
  3 adders
  2 worms (D:2)
  An ooze (D:2)
  4 orcs (D:3)
  A ball python (D:2)
  5 bats
  4 giant cockroaches
  6 goblins
  3 hobgoblins (D:1)
  A jackal (D:1)
  A quokka (D:2)
  2 giant geckos (D:2)
  3 giant newts (D:2)
  6 kobolds
  4 rats
47 creatures vanquished.

Vanquished Creatures (others)
  A jackal (D:1)
1 creature vanquished.

Grand Total: 48 creatures vanquished

Notes
Turn   | Place    | Note
--------------------------------------------------------------
     0 | D:1      | wojtek, the Kobold Assassin, began the quest for the Orb.
     0 | D:1      | Reached XP level 1. HP: 12/12 MP: 1/1
   163 | D:1      | Reached XP level 2. HP: 12/17 MP: 2/2
   835 | D:1      | Reached XP level 3. HP: 19/21 MP: 3/3
  1524 | D:2      | Reached skill level 5 in Short Blades
  1783 | D:2      | Reached XP level 4. HP: 24/26 MP: 4/4
  1826 | D:2      | Found a shimmering altar of Xom.
  1888 | D:2      | Found a bloodstained altar of Trog.
  2154 | D:3      | Reached skill level 6 in Short Blades
  2154 | D:3      | Reached XP level 5. HP: 30/30 MP: 5/5
  2398 | D:3      | Noticed Grinder
  2400 | D:3      | Paralysed by Grinder for 6 turns
  2404 | D:3      | Mangled by Grinder

Action                   |  1- 3 |  4- 6 || total
-------------------------+-------+-------++-------
Melee: Dagger            |   113 |    45 ||   158
 Fire: Blowgun           |       |     5 ||     5
 Stab: Sleeping          |    17 |     7 ||    24
  Eat: Chunk             |    11 |     2 ||    13
